 Dungeon Sprint DCSS version 0.17.1-1-g73c8601 (webtiles) character file.

7284 Mysteryquy the Peltast (level 10, 0/104 (107) HPs)
             Began as a Minotaur Fighter on Jan 2, 2016.
             Was the Champion of Makhleb.
             Slain by a yellow draconian
             ... wielding a +0 flail
              (6 damage)
             ... in the Dungeon (Sprint V: "Ziggurat Sprint").
             The game lasted 00:07:13 (729 turns).

Mysteryquy the Peltast (Minotaur Fighter)            Turns: 729, Time: 00:07:14

HP:   0/104 (107)   AC: 16    Str: 42    XL:     10   Next: 89%
MP:   9/9           EV:  5    Int:  5    God:    Makhleb [******]
Gold: 0             SH: 34    Dex: 10    Spells: 0 memorised, 9 levels left

rFire  . . .     SeeInvis +     K - +14 obsidian axe {chop, +Fly Str+3 SInv *Curse} (curse)
rCold  . . .     Clarity  .     J - +15 Maxwell's patent armour {-Cast -Tele rElec MR+ rCorr}
rNeg   + . .     SustAt   .     L - +18 shield of the gong {rElec rN+ MR+ EV-5}
rPois  .         Gourm    .     (helmet restricted)
rElec  +         Spirit   .     (no cloak)
rCorr  +         Warding  .     M - +0 pair of gloves {Str+3}
rMut   .         NoTele   +     (no boots)
MR     ++...     NoCast   +     (no amulet)
Stlth  ..........               I - +6 ring of strength
                                H - +6 ring of strength

@: liquid flames, corroded equipment, mesmerised, glowing, very resistant to
hostile enchantments, extremely unstealthy
A: retaliatory headbutt, horns 2
a: Minor Destruction, Lesser Servant of Makhleb, Major Destruction, Greater
Servant of Makhleb, Renounce Religion, Evoke Flight


You were in the Dungeon.
You worshipped Makhleb.
Makhleb was exalted by your worship.
You were not hungry.

You visited 1 branch

Inventory:

Hand Weapons
 a - a +0 war axe
 K - the cursed +14 obsidian axe (weapon) {chop, +Fly Str+3 SInv *Curse}
   (You found it in the Dungeon)

   It inflicts extra damage upon your enemies.
   It affects your strength (+3).
   It lets you see invisible.
   It lets you fly.
   It may re-curse itself when equipped.
   It has a curse placed upon it.
Armour
 b - a +0 scale mail
 c - a +0 shield
 J - the +15 Maxwell's patent armour (worn) {-Cast -Tele rElec MR+ rCorr}
   (You found it in the Dungeon)

   It insulates you from electricity.
   It affects your resistance to hostile enchantments.
   It prevents spellcasting.
   It prevents most forms of teleportation.
   It protects you from acid and corrosion.
 L - the +18 shield of the gong (worn) {rElec rN+ MR+ EV-5}
   (You found it in the Dungeon)

   It affects your evasion (-5).
   It insulates you from electricity.
   It protects you from negative energy.
   It affects your resistance to hostile enchantments.
 M - a +0 pair of gloves of strength (worn)
 W - the cursed -4 pair of boots of the Forest {rC+ Regen+ Str-3 Int+4}
   (You found it in the Dungeon)

   It affects your strength (-3).
   It affects your intelligence (+4).
   It protects you from cold.
   It increases your rate of regeneration.
   It has a curse placed upon it.
Jewellery
 D - a +6 ring of dexterity
 E - a +6 ring of dexterity
 F - a +6 ring of intelligence
 G - a +6 ring of intelligence
 H - a +6 ring of strength (left hand)
 I - a +6 ring of strength (right hand)
 N - the ring of Ketuenya {AC+2 Int+3}
   (You found it in the Dungeon)

   [ring of protection]

   It affects your AC (+2).
   It affects your intelligence (+3).
 O - a cursed ring of protection from magic
 P - an uncursed ring of wizardry
 Q - the ring of the Red Skies {Fire Int+5}
   (You found it in the Dungeon)

   [ring of fire]

   It enhances your fire magic, and weakens your ice magic.
   It affects your intelligence (+5).
   It protects you from fire.
   It makes you vulnerable to cold.
 T - an uncursed ring of stealth
 U - an uncursed ring of stealth
Wands
 y - a wand of disintegration (7)
 A - a wand of fire (5)
 B - a wand of cold (5)
 C - a wand of draining (5)
 S - a wand of hasting (3)
Scrolls
 k - 4 scrolls of blinking
 l - 4 scrolls of amnesia
 m - 3 scrolls of recharging
 n - 7 scrolls of fog
 o - a scroll of holy word
 p - 5 scrolls of identify
 q - 5 scrolls of remove curse
 r - 2 scrolls of fear
 R - 2 scrolls of acquirement
 V - a scroll of brand weapon
Potions
 d - 6 potions of might
 f - 10 potions of curing
 g - 10 potions of heal wounds
 h - 10 potions of haste
 i - 7 potions of magic
 j - 3 potions of berserk rage
 u - 2 potions of brilliance
 v - 2 potions of invisibility
 w - 4 potions of resistance
 x - a potion of experience
 z - 5 potions of agility
Comestibles
 e - 5 bread rations
 s - 42 fruits
 t - 4 meat rations
 X - 3 royal jellies


   Skills:
 + Level 15.6 Fighting
 + Level 15.9 Axes
 + Level 12.3 Armour
 + Level 3.1 Dodging
 + Level 3.4 Stealth
 + Level 16.5 Shields


You had 9 spell levels left.
You didn't know any spells.

Dungeon Overview and Level Annotations

Branches:
Dungeon (1/1)

Altars:
Ashenzari
Cheibriados
Dithmenos
Elyvilon
Fedhas
Gozag
Kikubaaqudgha
Makhleb
Nemelex Xobeh
Okawaru
Qazlal
Ru
Sif Muna
Trog
Vehumet
Xom
Yredelemnul
Zin
The Shining One
Beogh
Jiyva
Lugonu


Innate Abilities, Weirdness & Mutations

You reflexively headbutt those who attack you in melee.
You have a pair of horns on your head.


Message History

The mottled draconian is moderately wounded.
You barely miss the yellow draconian.
The yellow draconian is lightly wounded.
Your Maxwell's patent armour prevents you from hitting the black draconian.
The black draconian is moderately wounded.
You slash the black draconian!
The black draconian is heavily wounded.
Visions of slaying the mottled draconian flood into your mind.
You are covered in liquid flames!
* * * LOW HITPOINT WARNING * * *
The black draconian hits you but does no damage.
The red draconian hits you from afar with a halberd!
* * * LOW HITPOINT WARNING * * *
The mottled draconian spits sticky flame at you.
You block the splash of liquid fire.
GONNNNG!
You block the black draconian's attack.
GONNNNG!
The yellow draconian hits you with a flail.
You die...

▓.....†...
▓....8©8....▓.........
▓..).%.[[)..▓▓▓▓▓▓▓▓▓▓
▓...}|[=}...▓...8©8...
▓...........▓...).....
▓....d......▓....):...
▓..ddd......▓.........
▓..ddddd....▓.........
..▓d@dd.▓..▓.........
▓.▓...▓.▓ ▓.....))).
▓..▓...4.▓..▓.▓...).▓.
▓...........▓.........
▓▓▓▓▓▓▓▓▓▓▓▓▓▓▓▓▓▓▓▓▓▓
▓...8©8...▓...8©8...▓.
▓..)|.):..▓...)..[..▓.
▓...33:)..▓...:.:[..▓.
▓.........▓....§....▓.


You could see 2 draconians, 2 draconians, 2 draconians, a purple draconian, 2
draconians, 3 draconians and a friendly hellwing.

Vanquished Creatures
  A stone giant (D)
  2 mummy priests (D)
  A death scarab (D)
  2 orc knights (D)
  A cyclops (D)
  A black mamba (D)
  A guardian mummy (D)
  A jumping spider (D)
  2 polar bears (D)
  A two-headed ogre (D)
  A naga (D)
  2 water moccasins (D)
  3 hell hounds (D)
  5 orc warriors (D)
  2 scorpions (D)
  A crimson imp (D)
  2 quasits (D)
  4 orc priests (D)
  7 orc wizards (D)
  4 mummies (D)
  2 adders (D)
  2 white imps (D)
  An adder skeleton (D)
  An adder zombie (D)
  7 orcs (D)
  A bat simulacrum (D)
  2 bat skeletons (D)
  5 ball pythons (D)
  A giant cockroach simulacrum (D)
  A giant gecko skeleton (D)
67 creatures vanquished.

Vanquished Creatures (collateral kills)
  An orc sorcerer (D)
  A hell hound (D)
  2 orc warriors (D)
  A shadow imp (D)
  An orc (D)
  A bat zombie (D)
  A jackal skeleton (D)
8 creatures vanquished.

Vanquished Creatures (others)
  A spatial maelstrom (D)
1 creature vanquished.

Grand Total: 76 creatures vanquished

Notes
Turn   | Place    | Note
--------------------------------------------------------------
     0 | D        | Mysteryquy the Minotaur Fighter began the quest for the Orb.
     0 | D        | Reached XP level 1. HP: 19/19 MP: 0/0
     0 | D        | Found an iron altar of Okawaru.
     0 | D        | Found a radiant altar of Vehumet.
     0 | D        | Found a burning altar of Makhleb.
     0 | D        | Found a shimmering altar of Xom.
     0 | D        | Found a deep blue altar of Sif Muna.
     1 | D        | Banished a spatial maelstrom
    14 | D        | Found a corrupted altar of Lugonu.
    14 | D        | Found a roughly hewn altar of Beogh.
    14 | D        | Found a white marble altar of Elyvilon.
    14 | D        | Found a viscous altar of Jiyva.
    14 | D        | Found a sparkling altar of Nemelex Xobeh.
    14 | D        | Found a bloodstained altar of Trog.
    80 | D        | Became a worshipper of Makhleb the Destroyer
   118 | D        | Entered arena 1.
   118 | D        | Noticed a cyclops
   118 | D        | Noticed a two-headed ogre
   122 | D        | Killed a two-headed ogre
   122 | D        | Reached skill level 8 in Fighting
   122 | D        | Reached XP level 2. HP: 24/36 MP: 1/1
   122 | D        | Reached XP level 3. HP: 27/41 MP: 2/2
   122 | D        | Reached XP level 4. HP: 32/49 MP: 3/3
   122 | D        | Reached XP level 5. HP: 36/56 MP: 4/4
   125 | D        | Killed a cyclops
   125 | D        | Reached * piety under Makhleb
   125 | D        | Reached skill level 11 in Fighting
   125 | D        | Reached skill level 10 in Armour
   125 | D        | Reached skill level 10 in Shields
   125 | D        | Reached XP level 6. HP: 41/68 MP: 5/5
   125 | D        | Reached XP level 7. HP: 44/74 MP: 6/6
   152 | D        | Entered arena 2.
   152 | D        | Noticed a scorpion
   152 | D        | Noticed a scorpion
   152 | D        | Noticed a jumping spider
   156 | D        | Killed a scorpion
   157 | D        | Killed a scorpion
   157 | D        | Reached ** piety under Makhleb
   160 | D        | Killed a jumping spider
   172 | D        | Entered arena 3.
   172 | D        | Noticed a polar bear
   172 | D        | Noticed a polar bear
   179 | D        | Killed a polar bear
   179 | D        | Reached *** piety under Makhleb
   179 | D        | Reached skill level 12 in Fighting
   179 | D        | Reached XP level 8. HP: 52/83 MP: 7/7
   179 | D        | Killed a polar bear
   179 | D        | Reached skill level 1 in Dodging
   184 | D        | Got the ring of Ketuenya {AC+2 Int+3}
   314 | D        | Entered arena 4.
   316 | D        | Noticed an orange demon
   317 | D        | Reached **** piety under Makhleb
   329 | D        | Entered arena 5.
   329 | D        | Noticed an orc wizard
   329 | D        | Noticed an orc wizard
   329 | D        | Noticed an orc wizard
   329 | D        | Noticed an orc wizard
   332 | D        | Reached ***** piety under Makhleb
   333 | D        | Killed an orc wizard
   333 | D        | Killed an orc wizard
   335 | D        | Killed an orc wizard
   337 | D        | Killed an orc wizard
   342 | D        | Entered arena 6.
   342 | D        | Noticed a hell hound
   342 | D        | Noticed a quasit
   342 | D        | Noticed a quasit
   343 | D        | Killed a quasit
   347 | D        | Killed a hell hound
   347 | D        | Reached ****** piety under Makhleb
   347 | D        | Reached skill level 1 in Stealth
   348 | D        | Killed a quasit
   357 | D        | Got the ring of the Red Skies {Fire Int+5}
   358 | D        | Entered arena 7.
   358 | D        | Noticed an orc warrior
   358 | D        | Noticed an orc priest
   358 | D        | Noticed an orc priest
   358 | D        | Noticed an orc wizard
   358 | D        | Noticed an orc warrior
   358 | D        | Noticed an orc warrior
   360 | D        | Killed an orc wizard
   365 | D        | Killed an orc warrior
   366 | D        | Killed an orc priest
   368 | D        | Killed an orc priest
   368 | D        | Reached skill level 10 in Axes
   368 | D        | Killed an orc warrior
   368 | D        | Reached skill level 13 in Fighting
   368 | D        | Killed an orc warrior
   376 | D        | Entered arena 8.
   376 | D        | Noticed a naga
   376 | D        | Noticed a water moccasin
   376 | D        | Noticed a black mamba
   376 | D        | Noticed a water moccasin
   378 | D        | Killed a black mamba
   378 | D        | Reached XP level 9. HP: 93/93 MP: 8/8
   380 | D        | Killed a water moccasin
   380 | D        | Killed a water moccasin
   385 | D        | Killed a naga
   410 | D        | Entered arena 9.
   410 | D        | Noticed an orc warrior
   410 | D        | Noticed an orc wizard
   410 | D        | Noticed an orc priest
   410 | D        | Noticed an orc priest
   410 | D        | Noticed an orc warrior
   410 | D        | Noticed an orc wizard
   416 | D        | Killed an orc warrior
   417 | D        | Killed an orc priest
   418 | D        | Killed an orc priest
   418 | D        | Killed an orc wizard
   419 | D        | Killed an orc warrior
   419 | D        | Killed an orc wizard
   432 | D        | Entered arena 10.
   432 | D        | Noticed a hell hound
   432 | D        | Noticed a crimson imp
   432 | D        | Noticed a hell hound
   432 | D        | Noticed a hell hound
   438 | D        | Killed a hell hound
   439 | D        | Killed a hell hound
   439 | D        | Reached skill level 14 in Shields
   441 | D        | Killed a hell hound
   442 | D        | Killed a crimson imp
   457 | D        | Entered arena 11.
   457 | D        | Noticed a death scarab
   458 | D        | Noticed a mummy priest
   458 | D        | Noticed a mummy priest
   458 | D        | Noticed a guardian mummy
   461 | D        | Noticed an orange demon
   462 | D        | Noticed a sun demon
   462 | D        | Killed a death scarab
   467 | D        | Killed a guardian mummy
   469 | D        | Noticed an ice devil
   469 | D        | Killed a mummy priest
   469 | D        | Reached skill level 15 in Shields
   469 | D        | Reached XP level 10. HP: 54/101 MP: 9/9
   475 | D        | Killed a mummy priest
   681 | D        | Got the cursed -4 pair of boots of the Forest {rC+ Regen+ Str-3 Int+4}
   682 | D        | Entered arena 12.
   682 | D        | Noticed a stone giant
   682 | D        | Noticed an orc knight
   682 | D        | Noticed an orc warrior
   683 | D        | Noticed an orc knight
   684 | D        | Noticed an orc sorcerer
   684 | D        | Noticed an orc warrior
   693 | D        | Killed a stone giant
   693 | D        | Reached skill level 15 in Fighting
   693 | D        | Reached skill level 15 in Axes
   693 | D        | Reached skill level 16 in Shields
   694 | D        | Killed an orc knight
   695 | D        | Killed an orc knight
   695 | D        | Killed an orc warrior
   696 | D        | Killed an orc sorcerer
   698 | D        | Killed an orc warrior
   719 | D        | Entered arena 13.
   720 | D        | Noticed a yellow draconian
   720 | D        | Noticed a yellow draconian
   720 | D        | Noticed a black draconian
   720 | D        | Noticed a black draconian
   720 | D        | Noticed a mottled draconian
   721 | D        | Noticed a red draconian
   721 | D        | Noticed a mottled draconian
   721 | D        | Noticed a white draconian
   722 | D        | Noticed a white draconian
   722 | D        | Noticed a white draconian
   723 | D        | Noticed a purple draconian
   723 | D        | Noticed a red draconian
   729 | D        | Slain by a yellow draconian

Action                   |  1- 3 |  4- 6 |  7- 9 | 10-12 || total
-------------------------+-------+-------+-------+-------++-------
Melee: Broad axe         |     3 |     3 |    62 |    21 ||    89
 Stab: Distracted        |       |       |     2 |       ||     2
